AoeStats
← Lord_of_Larshof

Arabia

510618561Analyzed
1v1 RM · 2d ago on Oct 1, 2026· 34m 53s· 2 players
Game mode
Random Map
Map size
Tiny (2 player)
Population
200
Speed
Normal
Resources
Standard
Victory
Conquest
Starting age
Dark Age
Ending age
Imperial Age
RankedLock teamsTeams togetherTeam positionsShared explorationLock speedFull tech treeHidden civsTurbo modeCheats
Victory
Defeat
🇪🇨 Byzantines · Ecuador
935
+17
🇩🇪 Goths · Germany
949
-49
VL Hyuga
7:46 Loom
9:56 Feudal Age
10:45 Double-Bit Axe
13:17 Horse Collar
15:19 Forging
23:23 Fletching
26:25 Wheelbarrow
28:26 Padded Archer Armor
29:27 Scale Barding Armor
33:46 Castle Age
31:56 Gold Mining
34:32 Crossbowman
Lord_of_Larshof
3:59 Loom
10:31 Feudal Age
11:16 Man-at-Arms
12:00 Double-Bit Axe
20:56 Wheelbarrow
29:33 Gold Mining
32:49 Castle Age
32:39 Stone Mining
Connection lost

Rejoining the realm…

Still unreachable

The connection could not be restored.

Session expired

The server has moved on; the page needs a fresh start.